 Dungeon Crawl Stone Soup version 0.32-a0-643-ga006e7742e (webtiles) character file.

Game seed: 17565987428228767063

673 Murky the Covered (level 7, -3/60 HPs)
             Began as a Minotaur Fighter on Mar 8, 2024.
             Was a Follower of Makhleb.
             Killed from afar by an orc wizard (9 damage)
             ... with a puff of flame
             ... on level 5 of the Dungeon.
             The game lasted 00:12:17 (3218 turns).

Murky the Covered (Minotaur Fighter)                Turns: 3218, Time: 00:12:17

Health: -3/60      AC:  9    Str: 23    XL:     7   Next: 33%
Magic:  6/6        EV: 10    Int:  5    God:    Makhleb [*.....]
Gold:   124        SH:  4    Dex:  9    Spells: 6/6 levels left

rFire   . . .        a - +0 war axe
rCold   . . .        c - +0 buckler
rNeg    . . .        b - +0 scale mail
rPois   .            (helmet restricted)
rElec   .            s - +0 cloak
rCorr   .            (no gloves)
SInv    .            (no boots)
Will    .....        (no amulet) Stlth
                     (no ring)
HPRegen 0.30/turn    (no ring)
MPRegen 0.10/turn

%: no passive effects
@: lethally poisoned (-3 -> -10)
A: horns 2, retaliatory headbutt
a: Renounce Religion


You were on level 5 of the Dungeon.
You worshipped Makhleb.
Makhleb was aware of your devotion.
You visited 1 branch of the dungeon, and saw 5 of its levels.

You collected 184 gold pieces.
You spent 60 gold pieces at shops.

Inventory:

Hand Weapons
 a - a +0 war axe (weapon)
 t - a +0 sling
Missiles
 y - a throwing net (quivered)
Armour
 b - a +0 scale mail (worn)
 c - a +0 buckler (worn)
 s - a +0 cloak (worn)
Talismans
 f - a flux talisman
 q - a dragon-blood talisman
Wands
 x - a wand of polymorph (7)
Scrolls
 e - a scroll of brand weapon {unknown}
 i - a scroll of vulnerability {unknown}
 l - 3 scrolls of revelation
 m - 2 scrolls of poison {unknown}
 n - 2 scrolls of immolation {unknown}
 p - 2 scrolls of fear {unknown}
 u - a scroll of summoning {unknown}
 v - 3 scrolls of identify
 w - a scroll of amnesia {unknown}
 z - a scroll of teleportation {unknown}
Potions
 g - 3 potions of degeneration {unknown}
 h - a potion of enlightenment {unknown}
 j - a potion of magic {unknown}
 k - 3 potions of invisibility
 o - a potion of curing {unknown}


   Skills:
 + Level 4.9 Fighting
 + Level 6.2 Axes
 + Level 6.5 Armour
 + Level 1.5 Dodging
 + Level 5.0 Shields


You had 6 spell levels left.
You didn't know any spells.
Your spell library contained the following spells:

 Spells                   Type           Power      Damage    Failure   Level
 Volatile Blastmotes      Fire/Tloc      0%         2d10      99%         3
 Fulminant Prism          Conj/Alch      0%         3d5       100%        4
 Iskenderun's Mystic Bla  Conj/Tloc      0%         2d3       100%        4


Dungeon Overview and Level Annotations

Branches:
Dungeon (5/15)             Temple (0/1) D:4

Altars:
Makhleb
Qazlal
Ru

Shops:
D:2 !


Innate Abilities, Weirdness & Mutations

You have a pair of horns on your head.
You reflexively headbutt those who attack you in melee.


Message History

The orc wizard is severely wounded.
You block the orc wizard's attack.
You miss the orc wizard.
The orc wizard is severely wounded.
The orc wizard closely misses you.
You barely miss the orc wizard.
You headbutt the orc wizard, but do no damage.
The orc wizard is severely wounded.
The orc wizard hits you with a +2 dagger of venom.
You are poisoned.
The orc wizard hits you but does no damage.
You are more poisoned.
You closely miss the orc wizard.
The orc wizard is severely wounded.
You feel very sick.
The orc wizard hits you but does no damage.
You are more poisoned.
You slash the orc wizard!
You kill the orc wizard!
Makhleb accepts your kill.
You feel extremely sick.
You barely miss something. Your headbutt misses something.
You feel very sick. Something hits you.
* * * LOW HITPOINT WARNING * * *
You barely miss something.
You feel very sick.
You hear some strange, mumbled words.
A magic dart appears from out of thin air!
The magic dart hits you.
* * * LOW HITPOINT WARNING * * *
You closely miss something.
* * * LOW HITPOINT WARNING * * *
You feel very sick. Something hits you.
* * * LOW HITPOINT WARNING * * *
You hear some strange, mumbled words.
A puff of flame appears from out of thin air!
The puff of flame hits you!
You die...

#..####..# ##..# ##..
##.# ### #.# #)# #.# .
#####.#
....#########.....#
.....o{@......##########
.....#####.....))).....#
... ############### .


You could see an orc.

Vanquished Creatures
  Edmund (D:4)
  A scorpion (D:4)
  A jelly (D:5)
  2 orc priests (D:5)
  Jessica (D:2)
  5 iguanas
  3 orc wizards (D:5)
  4 gnolls (D:4)
  6 adders
  2 ufetubi (D:5)
  3 ribbon worms
  2 dart slugs
  7 orcs
  8 ball pythons
  5 endoplasms
  3 giant cockroaches
  5 hobgoblins
  5 jackals (D:4)
  2 kobolds (D:2)
  3 quokkas
  3 bats
  2 frilled lizards (D:1)
  9 goblins
  2 rats (D:2)
85 creatures vanquished.

Notes
Turn   | Place    | Note
-------+----------+-------------------------------------------
     0 | D:1      | Murky the Minotaur Fighter began the quest for the Orb.
     0 | D:1      | Reached XP level 1. HP: 19/19 MP: 0/0
   470 | D:1      | Reached XP level 2. HP: 27/27 MP: 1/1
   794 | D:2      | Reached XP level 3. HP: 33/33 MP: 2/2
   811 | D:2      | Noticed Jessica
   815 | D:2      | Killed Jessica
  1041 | D:2      | Found Ureto's Distillery.
  1049 | D:2      | Bought a potion of heal wounds for 60 gold pieces
  1284 | D:2      | Reached XP level 4. HP: 40/40 MP: 3/3
  1462 | D:3      | Found a burning altar of Makhleb.
  1462 | D:3      | Noticed a cacodemon
  1465 | D:3      | Noticed a neqoxec
  1465 | D:3      | Noticed a neqoxec
  1467 | D:3      | Became a worshipper of Makhleb the Destroyer
  1617 | D:3      | Found a stormy altar of Qazlal.
  1761 | D:3      | Found a sacrificial altar of Ru.
  1847 | D:4      | Reached skill level 1 in Dodging
  1849 | D:4      | Reached XP level 5. HP: 18/47 MP: 4/4
  1873 | D:4      | Reached * piety under Makhleb
  1877 | D:4      | Found a staircase to the Ecumenical Temple.
  2021 | D:4      | Noticed Edmund
  2032 | D:4      | Killed Edmund
  2033 | D:4      | Reached skill level 5 in Armour
  2033 | D:4      | Reached XP level 6. HP: 23/53 MP: 5/5
  2159 | D:4      | Reached skill level 5 in Shields
  2265 | D:4      | Reached skill level 5 in Axes
  2810 | D:5      | Entered Level 5 of the Dungeon
  2863 | D:5      | Reached XP level 7. HP: 12/60 MP: 6/6
  3218 | D:5      | Killed from afar by an orc wizard

Illustrated notes

Levels and vault maps discovered:
D:1:      psy_arrival_whirlpool, layout_loops_cross, nicolae_titane
D:2:      layout_basic, serial_shops, shop, serial_aquarium,
          aquarium_bridge_square [aquarium_subvault_bridge,
          aquarium_subvault_balcony, aquarium_subvault_bridge,
          aquarium_subvault_bridge], aquarium_bridge_straight
          [aquarium_subvault_bridge, aquarium_subvault_window,
          aquarium_subvault_bridge, aquarium_subvault_window],
          aquarium_window_1, aquarium_window_fake, aquarium_view_2c,
          kennysheep_jessica_study
D:3:      layout_rooms, makhleb_altar_promises_db, lemuel_crystal_altar,
          hangedman_ru_absence
D:4:      layout_loops_ring, minmay_temple_entry_junction_2, uniq_edmund
D:5:      layout_rooms, bloody_trog, uniq_prince_ribbit1, uniq_blork_the_orc

Skill      XL: |  1  2  3  4  5  6  7 |
---------------+----------------------+-----
Fighting       | 4 |  4.9
Armour         | 4 5 6 |  6.5
Shields        | 4 5 |  5.0
Axes           | 3 4 5 6 |  6.2
Dodging        | 1 |  1.5

Action                     |  1- 3 |  4- 6 |  7- 9 || total
---------------------------+-------+-------+-------++-------
  Melee: War axe           |    63 |   112 |    42 ||   217
         Headbutt          |     9 |    19 |     5 ||    33
    Use: Scroll            |     1 |     1 |       ||     2
         Potion            |       |     2 |     2 ||     4
 Armour: Scale mail        |    46 |   103 |    39 ||   188
  Dodge: Dodged            |    24 |    63 |    13 ||   100
  Block: Buckler           |    18 |    25 |     4 ||    47

Table legend: (Time is in decaauts)
 A = Elapsed time spent in this place.
 B = Non-inter-level travel time spent in this place.
 C = Inter-level travel time spent in this place.
 D = Time resting spent in this place.
 E = Time spent auto-exploring this place.
 F = Levels seen in this place.
 G = Mean time per level.
                   A        B        C        D        E       F      G
               +--------+--------+--------+--------+--------+-----+--------+
         Total |   3289 |   3289 |      0 |    239 |   1901 |   5 |  657.8 |
       Dungeon |   3289 |   3289 |      0 |    239 |   1901 |   5 |  657.8 |
               +--------+--------+--------+--------+--------+-----+--------+

Top non-repeatable levels by time:
     D:4: 999 daAuts
     D:2: 836 daAuts
     D:1: 610 daAuts
     D:3: 423 daAuts
     D:5: 420 daAuts
